 Dungeon Crawl Stone Soup version 0.31.0-32-g396128a36d (webtiles) character file.

Game seed: 368753946342452274

84 NotreDorf the Apothecary (level 4, 0/30 HPs)
             Began as a Merfolk Alchemist on Mar 27, 2024.
             Slain by a gnoll
             ... wielding a +0 flail
              (13 damage)
             ... on level 2 of the Dungeon.
             The game lasted 00:07:24 (1209 turns).

NotreDorf the Apothecary (Merfolk Alchemist)        Turns: 1209, Time: 00:07:24

Health: 0/30       AC:  2    Str: 10    XL:     4   Next: 45%
Magic:  2/8        EV: 18    Int: 14    God:
Gold:   79         SH:  0    Dex: 14    Spells: 5/8 levels left

rFire   . . .        p - +0 spear
rCold   . . .        (no shield)
rNeg    . . .        a - +0 robe
rPois   .            (no helmet)
rElec   .            (no cloak)
rCorr   .            (no gloves)
SInv    .            (no boots)
Will    .....        (no amulet)
Stlth   ++           g - +5 ring of evasion
HPRegen 0.25/turn    (no ring)
MPRegen 0.11/turn

%: no passive effects
@: no status effects
A: (nimble swimmer 2), mertail
a: no special abilities


You were on level 2 of the Dungeon.
You visited 1 branch of the dungeon, and saw 2 of its levels.

You collected 79 gold pieces.

Inventory:

Hand Weapons
 c - a +0 club
 p - a +0 spear (weapon)
Armour
 a - a +0 robe (worn)
Jewellery
 g - a +5 ring of evasion (left hand)
Talismans
 m - a granite talisman
Scrolls
 d - a scroll of blinking {unknown}
 e - a scroll of vulnerability {unknown}
 f - a scroll of poison {unknown}
 h - a scroll of enchant weapon {unknown}
 i - 3 scrolls of identify {unknown}
 j - a scroll of fog {unknown}
 k - a scroll of teleportation {unknown}
 l - 2 scrolls of immolation {unknown}
 o - a scroll of noise {unknown}
 q - 3 scrolls of acquirement {unknown}
Potions
 b - a potion of magic
 n - a potion of brilliance {unknown}


   Skills:
 + Level 1.0 Polearms
 + Level 4.1 Dodging
 - Level 2.1 Stealth
 + Level 2.8 Spellcasting
 - Level 0.7 Conjurations
 + Level 4.9 Alchemy


You had 5 spell levels left.
You knew the following spells:

 Your Spells              Type           Power      Damage    Failure   Level
a - Sting                 Conj/Alch      36%        1d5       7%          1
b - Mercury Vapours       Alch/Air       16%        N/A       12%         2

Your spell library contained the following spells:

 Spells                   Type           Power      Damage    Failure   Level
 Static Discharge         Conj/Air       6%         3-4/arc   28%         2
 Olgreb's Toxic Radiance  Alch           15%        N/A       28%         4
 Mephitic Cloud           Conj/Alch/Air  7%         N/A       30%         3
 Sticky Flame             Fire/Alch      8%         2d4       61%         4
 Airstrike                Air            1%         2d(1-17)  91%         4
 Summon Lightning Spire   Summ/Air       2%         N/A       91%         4


Dungeon Overview and Level Annotations

Branches:
Dungeon (2/15)

Altars:

Shops:
D:2 ==


Innate Abilities, Weirdness & Mutations

((You are very nimble when in or above water. (Stealth+, EV+, Speed+++)))
Your lower body shifts to a powerful aquatic tail in water.


Message History

The endoplasm closely misses you. The gnoll misses you.
You hit the gnoll but do no damage.
The gnoll is almost dead.
You kill the gnoll!
The gnoll misses you. The endoplasm barely misses you.
Your Polearms skill increases to level 1!
You hit the gnoll.
The gnoll is lightly wounded.
The gnoll barely misses you. The endoplasm misses you.
You hit the gnoll but do no damage.
The gnoll is lightly wounded.
The gnoll is no longer weakened.
The gnoll misses you. The endoplasm completely misses you.
You hit the gnoll.
The gnoll is moderately wounded.
The gnoll completely misses you. The endoplasm freezes you.
You are frozen.
You barely miss the gnoll. You punch the gnoll.
The gnoll is heavily wounded.
The gnoll closely misses you. The endoplasm freezes you.
You are frozen.
You hit the gnoll but do no damage.
The gnoll is heavily wounded.
The gnoll closely misses you. The endoplasm completely misses you.
You hit the gnoll.
The gnoll is heavily wounded.
The gnoll completely misses you. The endoplasm closely misses you.
The gnoll misses you. The endoplasm barely misses you.
You hit the gnoll.
The gnoll is almost dead.
The gnoll misses you. The endoplasm completely misses you.
You barely miss the gnoll.
The gnoll is almost dead.
The gnoll barely misses you. The endoplasm closely misses you.
You barely miss the gnoll.
The gnoll is almost dead.
The gnoll hits you with a +0 flail!
You die...

#.....###.......##..##
..#..#....#.......#.∩#..
?.........#..............#
..................###..###
.........##...#.#####.###
.........#.†........†...#
......#....).......)....# .##
###...Jg).............# #...#
#..#.@).............#
......###..)................#
............................#
..............................##
..?...#.#.......................
....................##..........
...........>....................
......##............####........
......##............# #........


You could see a gnoll and an endoplasm.

Vanquished Creatures
  3 gnolls (D:2)
  2 adders (D:2)
  5 bats
  3 endoplasms
  A giant cockroach (D:1)
  4 hobgoblins
  A quokka (D:2)
  A ball python (D:1)
  4 frilled lizards
  6 goblins
  4 kobolds
  4 rats
38 creatures vanquished.

Notes
Turn   | Place    | Note
-------+----------+-------------------------------------------
     0 | D:1      | NotreDorf the Merfolk Alchemist began the quest for the
                  | Orb.
     0 | D:1      | Reached XP level 1. HP: 13/13 MP: 3/3
   130 | D:1      | Reached XP level 2. HP: 9/19 MP: 0/5
   516 | D:1      | Found a faded altar of an unknown god.
   715 | D:2      | Learned a level 2 spell: Mercury Vapours
   746 | D:2      | Reached XP level 3. HP: 16/24 MP: 4/6
   804 | D:2      | Found Iwkobl Vuda's Jewellery Shop.
   954 | D:2      | Found Keiter's Jewellery Boutique.
  1193 | D:2      | Reached XP level 4. HP: 19/30 MP: 2/8
  1201 | D:2      | Reached skill level 1 in Polearms
  1209 | D:2      | Slain by a gnoll

Illustrated notes

Levels and vault maps discovered:
D:1:      dpeg_arrival_signposts, layout_rooms,
          hellmonk_ecumenical_altar_inner_sanctum
D:2:      layout_rooms, serial_shops, shop, nicolae_diamond_shop

Skill      XL: |  1  2  3  4 |
---------------+-------------+-----
Dodging        | 3 4 |  4.1
Polearms       | 1 |  1.0
Stealth        | |  2.1
Spellcasting   | |  2.8
Conjurations   | |  0.7
Alchemy        | |  4.9

Action                     |  1- 3 |  4- 6 || total
---------------------------+-------+-------++-------
  Melee: Club              |    28 |       ||    28
         Unarmed           |    11 |       ||    11
         Spear             |    10 |    16 ||    26
         Punch             |       |     1 ||     1
   Cast: Sting             |    46 |       ||    46
         Mercury Vapours   |     1 |     1 ||     2
 Armour: Robe              |    32 |     3 ||    35
  Dodge: Dodged            |    74 |    27 ||   101
